 Dungeon Crawl Stone Soup version 0.29-a0-648-g6b26cc9f40 (webtiles) character file.

Game seed: 3050140711887352109

338 zeratav the Shooter (level 6, -4/29 HPs)
             Began as a Spriggan Arcane Marksman on June 21, 2022.
             Was an Initiate of Dithmenos.
             Killed from afar by Sigmund (9 damage)
             ... with a magic dart
             ... on level 4 of the Dungeon.
             The game lasted 00:04:55 (3657 turns).

zeratav the Shooter (Spriggan Arcane Marksman)      Turns: 3657, Time: 00:04:56

Health: -4/29      AC:  2    Str:  6    XL:     6   Next: 29%
Magic:  9/9        EV: 17    Int: 15    God:    Dithmenos [......]
Gold:   245        SH:  0    Dex: 17    Spells: 6/7 levels left

rFire   . . .      SeeInvis +   a - +0 shortbow {bow}
rCold   . . .      Faith    .   (shield currently unavailable)
rNeg    . . .      Spirit   .   b - +0 robe
rPois   .          Reflect  .   (helmet restricted)
rElec   .          Harm     .   (no cloak)
rCorr   .          Rampage  .   (gloves unavailable)
Will    +....                   (boots unavailable)
Stlth   +++.......              (no amulet)
HPRegen 0.09/turn               v - ring of wizardry
MPRegen 0.11/turn               (no ring)

@: very quick
A: very small, no large weapons, unfitting armour, see invisible, speed 3
a: Renounce Religion


You were on level 4 of the Dungeon.
You worshipped Dithmenos.
Dithmenos was noncommittal.
You visited 2 branches of the dungeon, and saw 5 of its levels.

You collected 245 gold pieces.


Innate Abilities, Weirdness & Mutations

You are very small and have problems with some larger weapons.
You are too small for most types of armour.
You have supernaturally acute eyesight. (SInv)
You cover ground extremely quickly. (Speed+++)


   Skills:
 - Level 0.7 Fighting
 + Level 7.0 Bows
 - Level 2.6 Dodging
 - Level 5.0 Stealth
 - Level 1.3 Spellcasting
 - Level 3.6 Hexes


You had 6 spell levels left.
You knew the following spells:

 Your Spells              Type           Power      Damage    Failure   Level
a - Slow                  Hex            44%        N/A       2%          1

Your spell library contained the following spells:

 Spells                   Type           Power      Damage    Failure   Level
 Tukima's Dance           Hex            11%        N/A       6%          3
 Scorch                   Fire           2%         2d5       14%         2
 Inner Flame              Hex/Fire       6%         N/A       14%         3
 Portal Projectile        Hex/Tloc       12%        N/A       14%         3
 Cause Fear               Hex            5%         N/A       21%         4
 Flame Wave               Conj/Fire      1%         2d4       65%         4
 Passage of Golubria      Tloc           1%         N/A       65%         4
 Yara's Violent Unravell  Hex/Tmut       3%         3d4       75%         5
 Summon Cactus Giant      Summ           0%         N/A       100%        6

Inventory:

Hand Weapons
 a - a +0 shortbow (weapon) {bow}
 p - the +5 dagger "Deanuk" {flame, Drain Will+++ Int+4, short}
   (You found it on level 2 of the Dungeon)

   It burns those it strikes, dealing additional fire damage.
   Int:       It affects your intelligence (+4).
   Drain:     It drains your maximum health when unequipped.
   Will:      It greatly increases your willpower.
 z - the +4 hand axe of Bread {freeze, Int+3, axe}
   (You took it off a goblin on level 4 of the Dungeon)

   It freezes those it strikes, dealing additional cold damage.
   It can also slow down cold-blooded creatures.
   Int:       It affects your intelligence (+3).
Armour
 b - a +0 robe (worn)
Jewellery
 i - an amulet of guardian spirit
   (You found it on level 1 of the Dungeon)
 q - a ring of resist corrosion
   (You found it on level 2 of the Dungeon)
 v - a ring of wizardry (left hand)
   (You found it on level 3 of the Dungeon)
Scrolls
 c - 3 scrolls of vulnerability {!r!r}
 d - 2 scrolls of blinking {unknown}
 e - 3 scrolls of amnesia {unknown}
 j - 2 scrolls of identify {unknown}
 k - 7 scrolls of teleportation {unknown}
 l - 4 scrolls of magic mapping {unknown}
 o - a scroll of torment {unknown}
 u - a scroll of enchant armour {unknown}
 w - 3 scrolls of immolation {unknown}
 y - a scroll of poison {unknown}
Potions
 f - 3 potions of lignification {unknown}
 g - 3 potions of heal wounds {unknown}
 h - 7 potions of curing {unknown}
 m - a potion of brilliance {unknown}
 n - 2 potions of attraction {unknown}
 r - a potion of might {unknown}
 s - a potion of mutation {unknown}
 t - 2 potions of ambrosia {unknown}
 x - a potion of degeneration {unknown}

Dungeon Overview and Level Annotations

Branches:
Dungeon (4/15) Zot: 21240  Temple (1/1) D:4 Zot: 5990

Altars:
Ashenzari
Cheibriados
Dithmenos
Gozag
Hepliaklqana
Kikubaaqudgha
Makhleb
Nemelex Xobeh
Okawaru
Qazlal
Sif Muna
Trog
Vehumet
Xom
Zin

Annotations:
D:4 Sigmund

####....#....................#...
#..........#..........#.....##...
#..........###........#..........
#........)####........#####......
..#.......#.....@.....######.....
.........#........##............)
.##.....##.........#..#....<.##..
####..................##..##.##.#
#..##.#......@....###..##.....
#.....##..........##..####....
##...####..........##.###...#.
##..# ##........###.##....## #.##
##.......# #.##.....# ###
#........###....####.
##.............## ##
##..###...##### #### ##.##


You could see Sigmund.


Message History

Things that are here:
a +0 hunting sling {sling}; a goblin corpse
Things that are here:
a +0 club {mace}; a goblin corpse
Things that are here:
a +0 mace {mace}; a goblin corpse
Items here: ) [[ †.
Things that are here:
a +0 hunting sling {sling}; a +0 club {mace}; a goblin corpse A hobgoblin is nearby!
A hobgoblin is nearby!
Shoot: a) +0 shortbow {bow}
Press: ? - help, Q - select action, (/) - cycle Shift-Dir - straight line, f - hobgoblin
Aim: a hobgoblin (wandering, hasn't noticed you, 63% to hit)
You shoot an arrow. The hobgoblin shouts!
The arrow hits the hobgoblin.
Shoot: a) +0 shortbow {bow}
Press: ? - help, Q - select action, (/) - cycle Shift-Dir - straight line, f/p - hobgoblin
Aim: a hobgoblin (moderately wounded, 63% to hit)
You shoot an arrow. The arrow hits the hobgoblin!
You kill the hobgoblin!
Dithmenos accepts your kill.
Shoot: a) +0 shortbow {bow}
Press: ? - help, Q - select action, (/) - cycle Shift-Dir - straight line, f - you That would be overly suicidal.
Okay, then.
Shoot: a) +0 shortbow {bow}
Press: ? - help, Q - select action, (/) - cycle Shift-Dir - straight line, f - you That would be overly suicidal.
Okay, then.
You see here a +0 club {mace}.
Found a stone staircase leading down.
Found a stone staircase leading up.
A goblin comes into view. It is wielding a +0 club.
The goblin moves out of view.
A goblin is nearby!
You shoot an arrow. The arrow hits the goblin.
No target in view!
No target in view!
No target in view!
A goblin is nearby!
You shoot an arrow. The arrow hits the goblin!
You kill the goblin!
Dithmenos accepts your kill.
No target in view!
No target in view!
Found a shiny orb.
Things that are here:
a +0 club {mace}; a goblin corpse You pick up Great Wizards, Vol.
VII and begin reading...
You add the spells Tukima's Dance, Passage of Golubria and Yara's Violent Unravelling to your library.
You see here 4 stones {throwing}.
You now have 245 gold pieces (gained 14).
Sigmund the Dreaded comes into view.
He is wielding a +2 scythe of flaming.
Things that are here:
a +0 whip {mace}; 5 stones {throwing}; a kobold skeleton
Things that are here:
a +0 whip {mace}; 5 stones {throwing}; a kobold skeleton Sigmund shouts!
Sigmund is nearby!
You shoot an arrow. The arrow hits Sigmund!
Sigmund points at you and mumbles some strange words.
The puff of flame hits you!
HP[-7]
You take 7 damage, and now have 22/29 hp.
MASSIVE DAMAGE!! (PAUSE)
You shoot an arrow. The arrow hits Sigmund!
You shoot an arrow. The arrow closely misses Sigmund.
HP[+1]
You shoot an arrow. The arrow barely misses Sigmund.
You shoot an arrow. The arrow barely misses Sigmund.
You shoot an arrow. The arrow barely misses Sigmund.
Sigmund hits you from afar with a +2 scythe of flaming!
Sigmund burns you.
* * * LOW HITPOINT WARNING * * *
HP[-10]
You take 10 damage, and now have 13/29 hp.
MASSIVE DAMAGE!! (PAUSE)
You are too injured to fight recklessly!
Shoot: a) +0 shortbow {bow}
Press: ? - help, Q - select action, (/) - cycle Shift-Dir - straight line, f/p - Sigmund
Aim: Sigmund, wielding a +2 scythe of flaming and wearing a +0 robe (heavily wounded, 60% to hit)
You shoot an arrow. The arrow hits Sigmund.
Sigmund's eyes start glowing with a red light.
Shoot: a) +0 shortbow {bow}
Press: ? - help, Q - select action, (/) - cycle Shift-Dir - straight line, f/p - Sigmund
Aim: Sigmund, wielding a +2 scythe of flaming and wearing a +0 robe (heavily wounded, 60% to hit)
You shoot an arrow. The arrow hits Sigmund.
HP[+1] Shoot: a) +0 shortbow {bow}
Press: ? - help, Q - select action, (/) - cycle Shift-Dir - straight line, f/p - Sigmund
Aim: Sigmund, wielding a +2 scythe of flaming and wearing a +0 robe (severely wounded, 60% to hit)
You shoot an arrow. The arrow hits Sigmund.
Sigmund gestures at you while chanting. The puff of flame hits you!
* * * LOW HITPOINT WARNING * * *
Sigmund gestures at you while chanting. The magic dart hits you!
You die...

Skill      XL: |  1  2  3  4  5 |
---------------+----------------+-----
Stealth        | 2 4 5 |  5.0
Bows           | 3 4 7 |  7.0
Fighting       | |  0.7
Dodging        | |  2.6
Spellcasting   | |  1.3
Hexes          | |  3.6

Action                   |  1- 3 |  4- 6 || total
-------------------------+-------+-------++-------
 Fire: Shortbow          |    86 |   137 ||   223
 Cast: Slow              |     2 |     1 ||     3
Armor: Robe              |     1 |     5 ||     6
Dodge: Dodged            |    43 |    40 ||    83

Levels and vault maps discovered:
D:1:      minmay_arrival_five_plusses, layout_rooms,
          shapermc_ecumenical_altar_acropolis, minmay_tetromino_l2
D:2:      layout_loops_ring, basic_altar, serial_shops, shop,
          nicolae_concentric_dashed_squares_mild
D:3:      minmay_door_path, layout_loops_corners, minitemple
D:4:      layout_cave_pools, minmay_temple_entry_grid, uniq_robin, uniq_sigmund
Temple:   cyrus_circular_temple

Notes
Turn   | Place    | Note
-------+----------+-------------------------------------------
     0 | D:1      | zeratav the Spriggan Arcane Marksman began the quest for
                  | the Orb.
     0 | D:1      | Reached XP level 1. HP: 9/9 MP: 3/3
     0 | D:1      | magus.rc [v1.9.6]
   111 | D:1      | Reached skill level 1 in Stealth
   158 | D:1      | Found a faded altar of an unknown god.
   189 | D:1      | Reached skill level 2 in Stealth
   279 | D:1      | Reached XP level 2. HP: 10/14 MP: 5/5
   506 | D:2      | Reached skill level 3 in Stealth
   523 | D:2      | Reached skill level 4 in Stealth
   524 | D:2      | Reached XP level 3. HP: 17/17 MP: 6/6
   532 | D:2      | Reached skill level 5 in Stealth
   704 | D:2      | Found a sparkling altar of Nemelex Xobeh.
   861 | D:2      | Identified the +5 dagger "Deanuk" {flame, Drain Will+++
                  | Int+4}
   945 | D:2      | You pick up a book of Scorching and begin reading...
   945 | D:2      | You add the spells Scorch, Flame Wave and Summon Cactus
                  | Giant to your library.
   973 | D:2      | Found Qoskeq's Antique Weapon Shop.
   984 | D:2      | Reached skill level 3 in Bows
  1376 | D:3      | Reached XP level 4. HP: 9/21 MP: 7/7
  1961 | D:3      | Noticed a necrophage
  2009 | D:3      | Killed a necrophage
  2010 | D:3      | Reached skill level 4 in Bows
  2572 | D:3      | Reached XP level 5. HP: 25/25 MP: 8/8
  2706 | D:3      | Found a stormy altar of Qazlal.
  2717 | D:3      | Found a radiant altar of Vehumet.
  2719 | D:3      | Found a glowing silver altar of Zin.
  2721 | D:3      | Found an ancient bone altar of Kikubaaqudgha.
  2722 | D:3      | Found a shimmering blue altar of Sif Muna.
  2723 | D:3      | Found an opulent altar of Gozag.
  2724 | D:3      | Found an iron altar of Okawaru.
  2928 | D:4      | Found a staircase to the Ecumenical Temple.
  2942 | Temple   | Entered the Ecumenical Temple
  2949 | Temple   | Became a worshipper of Dithmenos the Shadowed
  2971 | D:4      | Reached skill level 5 in Bows
  3198 | D:4      | Reached skill level 6 in Bows
  3203 | D:4      | Noticed Robin
  3209 | D:4      | Killed Robin
  3209 | D:4      | Identified the +4 hand axe of Bread {freeze, Int+3}
  3209 | D:4      | Noticed an ogre
  3252 | D:4      | Killed an ogre
  3253 | D:4      | Reached skill level 7 in Bows
  3253 | D:4      | Reached XP level 6. HP: 19/29 MP: 9/9
  3504 | D:4      | You add the spells Tukima's Dance, Passage of Golubria and
                  | Yara's Violent Unravelling to your library.
  3527 | D:4      | Noticed Sigmund
  3657 | D:4      | HP: 5/29 [Sigmund/puff of flame (9)]
  3657 | D:4      | Killed from afar by Sigmund

Vanquished Creatures
  An ogre (D:4)
  A scorpion (D:4)
  A necrophage (D:3)
  Robin (D:4)
  3 gnolls (D:2)
  2 adders
  2 worms
  3 dart slugs
  An orc (D:3)
  4 ball pythons
  5 bats
  2 endoplasms
  A giant cockroach (D:4)
  11 goblins
  9 hobgoblins
  4 kobolds
  2 quokkas (D:2)
  5 frilled lizards
  5 rats
63 creatures vanquished.

Vanquished Creatures (others)
  A plant (D:1)
1 creature vanquished.

Grand Total: 64 creatures vanquished

Table legend:
 A = Non-vault XP
 B = Vault XP
 C = Vault XP percentage of total XP
 D = Non-vault monster count
 E = Vault monster count
 F = Vault count percentage of total count
                 A         B        C        D         E       F
            +---------+---------+-------+---------+---------+-------
      Total |     441 |      43 |   8.9 |      48 |      15 |  23.8
            +---------+---------+-------+---------+---------+-------
        D:1 |      12 |       1 |   7.7 |       8 |       1 |  11.1
        D:2 |      65 |       0 |   0.0 |      15 |       0 |   0.0
        D:3 |     117 |       5 |   4.1 |      14 |       2 |  12.5
        D:4 |     247 |      37 |  13.0 |      11 |      12 |  52.2
            +---------+---------+-------+---------+---------+-------

Illustrated notes

Table legend:
 A = Kills in this place as a percentage of kills in entire the game.
 B = Kills by you in this place as a percentage of kills by you in the entire game.
 C = Kills by friends in this place as a percentage of kills by friends in the entire game.
 D = Other kills in this place as a percentage of other kills in the entire game.
 E = Experience gained in this place as a percentage of experience gained in the entire game.
 F = Experience gained in this place divided by the number of levels of this place that you have seen.
                   A       B       C       D       E      F
               +-------+-------+-------+-------+-------+----------------------
         Total | 100.0 | 100.0 |   N/A |   N/A | 100.0 |  96.8
       Dungeon | 100.0 | 100.0 |   N/A |   N/A | 100.0 | 121.0
               +-------+-------+-------+-------+-------+----------------------

Table legend: (Time is in decaauts)
 A = Elapsed time spent in this place.
 B = Non-inter-level travel time spent in this place.
 C = Inter-level travel time spent in this place.
 D = Time resting spent in this place.
 E = Time spent auto-exploring this place.
 F = Levels seen in this place.
 G = Mean time per level.
                   A        B        C        D        E       F      G
               +--------+--------+--------+--------+--------+-----+--------+
         Total |   2768 |   2678 |     90 |    209 |   2020 |   5 |  553.6 |
       Dungeon |   2758 |   2677 |     81 |    209 |   2020 |   4 |  689.5 |
        Temple |      9 |      1 |      8 |      0 |      0 |   1 |    9.0 |
               +--------+--------+--------+--------+--------+-----+--------+

Top non-repeatable levels by time:
     D:3: 1266 daAuts
     D:2: 597 daAuts
     D:4: 532 daAuts
     D:1: 362 daAuts
  Temple: 9 daAuts
